 Dungeon Sprint DCSS version 0.17-a0-1650-gce8475a (webtiles) character file.

55 Parakulo the Skirmisher (level 3, -2/27 HPs)
             Began as a Gargoyle Fighter on Aug 13, 2015.
             Splashed by an oklob sapling priest's acid (13 damage)
             ... in the Dungeon (Sprint IV: "Fedhas' Mad Dash").
             The game lasted 00:00:58 (56 turns).

Parakulo the Skirmisher (Gargoyle Fighter)            Turns: 56, Time: 00:00:58

Health: -2/27      AC: 10    Str: 24    XL:     3   Next: 93%
Magic:  3/3        EV:  8    Int:  8    God:
Gold:   37         SH: 10    Dex: 10    Spells: 0 memorised, 2 levels left

rFire  . . .     SeeInvis .     a - +0 flail
rCold  . . .     Clarity  .     b - +0 scale mail
rNeg   + . .     SustAt   .     c - +0 shield
rPois  ∞         Gourm    .     (no helmet)
rElec  +         Spirit   .     (no cloak)
rCorr  .         Warding  .     (no gloves)
rMut   .         NoTele   +     (no boots)
MR     .....                    (no amulet)
Stlth  ..........               (no ring)
                                (no ring)

@: mighty, not resistant to hostile enchantments, extremely unstealthy
A: negative energy resistance 1, electricity resistance, unbreathing,
petrification resistance, rot immunity, AC +3
a: no special abilities


You were in the Dungeon.
You were not hungry.

You visited 1 branch You collected 37 gold pieces.

Inventory:

Hand weapons
 a - a +0 flail (weapon)
Armour
 b - a +0 scale mail (worn)
 c - a +0 shield (worn)
Scrolls
 k - a scroll of blinking
Potions
 f - 2 potions of curing
 g - a potion of heal wounds
 h - a potion of haste
 i - 2 potions of magic
 j - a potion of berserk rage
Comestibles
 e - a bread ration


   Skills:
 + Level 5.7 Fighting
 + Level 3.0 Maces & Flails
 + Level 5.0 Armour
 + Level 0.5 Dodging
 + Level 5.4 Shields


You had 2 spell levels left.
You didn't know any spells.

Dungeon Overview and Level Annotations

Branches:
Dungeon (1/1)

Altars:
Cheibriados
Elyvilon
Kikubaaqudgha
Makhleb
Nemelex Xobeh
Ru
Sif Muna
Trog
Vehumet
Zin
The Shining One
Jiyva
Lugonu

Annotations:
D exclusion: oklob sapling


Innate Abilities, Weirdness & Mutations

You are resistant to torment.
Your stone body is resilient (AC +3).
You are immune to poison.
You resist negative energy.
You are resistant to electric shocks.
You can survive without breathing.
You are immune to petrification.
You are immune to rotting.


Message History

You sock the worker ant!
You kill the worker ant!
Your Maces & Flails skill increases to level 3!
Your Armour skill increases to level 5!
Your Shields skill increases to level 5!
Things that are here:
26 stones; a worker ant corpse You now have 8 gold pieces.
You now have 15 gold pieces (gained 7).
You now have 24 gold pieces (gained 9).
You now have 37 gold pieces (gained 13).
You open the door.
Marking area around the oklob sapling priest as unsafe for travelling.
An oklob sapling priest comes into view.
Found nine altars.
Found a burning altar of Makhleb and a sacrificial altar of Ru.
There is an open door here.
The oklob sapling priest spits acid at you.
The splash of acid hits you!
The acid burns!
You die...

########################
..P#.....#.....#.⌠......
P..†.....'.#().'@_._._._
PPP#.....#.#=..#_._._P_.
#############+##._._._._
#.⌠...._. #########


You could see an oklob sapling priest.

Vanquished Creatures
  An oklob sapling (D)
  A worker ant (D)
  A river rat (D)
  A rat (D)
4 creatures vanquished.

Notes
Turn   | Place    | Note
--------------------------------------------------------------
     0 | D        | Parakulo the Gargoyle Fighter began the quest for the Orb.
     0 | D        | Reached XP level 1. HP: 14/14 MP: 1/1
    21 | D        | Reached skill level 4 in Fighting
    21 | D        | Reached XP level 2. HP: 17/20 MP: 2/2
    31 | D        | Noticed an oklob sapling
    33 | D        | Killed an oklob sapling
    33 | D        | Reached skill level 5 in Fighting
    33 | D        | Reached XP level 3. HP: 21/26 MP: 3/3
    36 | D        | Noticed a worker ant
    42 | D        | Killed a worker ant
    42 | D        | Reached skill level 5 in Armour
    42 | D        | Reached skill level 5 in Shields
    54 | D        | Found a snail-covered altar of Cheibriados.
    54 | D        | Found a glowing silver altar of Zin.
    54 | D        | Found a white marble altar of Elyvilon.
    54 | D        | Found a viscous altar of Jiyva.
    54 | D        | Found a radiant altar of Vehumet.
    54 | D        | Found a deep blue altar of Sif Muna.
    54 | D        | Found an ancient bone altar of Kikubaaqudgha.
    54 | D        | Found a bloodstained altar of Trog.
    54 | D        | Found a corrupted altar of Lugonu.
    54 | D        | Noticed an oklob sapling priest
    55 | D        | Found a burning altar of Makhleb.
    55 | D        | Found a sacrificial altar of Ru.
    56 | D        | Found a glowing golden altar of the Shining One.
    56 | D        | Found a sparkling altar of Nemelex Xobeh.
    56 | D        | Splashed by an oklob sapling priest's acid

Vault maps used:
D:        dungeon_sprint_fedhas

Action                   || total
-------------------------++-------
Melee: Flail             ||    20
  Use: Potion            ||     1
